RES
BANKSTOWN AVIATORS @ MOSMAN CUBS
04/19/2022
 
TOP OF THE 1ST
Bankstown Aviators batting - Pitching for Mosman Cubs : RHP John Organ
Pitching: RHP John Organ
Batting: LHB Ehren Huddlestone 0-0: Ball
1-0: Called Strike
1-1: Ball
2-1: Ball
3-1: Called Strike
3-2: Foul Ball, location: 5FF
3-2: Base on Balls
Batting: SHB Michael Kemball 0-0: Called Strike
0-1: Called Strike
Ehren Huddlestone steals 2nd base
0-2: Ball
1-2: DOUBLE (Groundball, 3L, EV 102.5 MPH)
Ehren Huddlestone scores
Batting: RHB Matt Richards 0-0: Foul Ball, location: 9LSF
0-1: Swinging Strike
0-2: Foul Ball, location: 5FF
0-2: SINGLE (Flyball, 8LM, EV 83.1 MPH)
Michael Kemball to third
Batting: LHB Jaime Scholes 0-0: Called Strike
0-1: Ball
1-1: 3-RUN HOME RUN (Flyball, 9LD, EV 97.5 MPH), Distance : 355 ft
Pitching: RHP Carsten Thurling
Batting: LHB Eric Hoddinott 0-0: Ball
1-0: Ball
2-0: Called Strike
2-1: Called Strike
2-2: SINGLE (Groundball, 6MD, EV 107.5 MPH)
Batting: RHB Fredrick Moreton 0-0: Ball
1-0: Foul Ball, location: 2F
1-1: SINGLE (Groundball, 34D, EV 100.0 MPH)
Eric Hoddinott to second
Runner from 2nd tries for 3rd, SAFE, throw by RF made at trailing runner, OUT! 9-6
Batting: RHB Brad Baldock 0-0: Ball
1-0: Ball
2-0: Ball
3-0: Base on Balls
Batting: RHB Jason Kilmister 0-0: Called Strike
0-1: Swinging Strike
0-2: Ball
1-2: SINGLE (Line Drive, 6MD, EV 105.0 MPH)
Eric Hoddinott scores
Brad Baldock to second
Batting: RHB Quincy Heckenberg 0-0: Fielders Choice at 2nd, 3-6 (Groundball, 34S, EV 86.3 MPH)
Brad Baldock to third
Batting: LHB Ehren Huddlestone 0-0: Called Strike
0-1: Ball
1-1: Called Strike
1-2: Ground out 4-3 (Groundball, 4, EV 104.4 MPH)
Top of the 1st over - 5 runs, 6 hits, 0 errors, 2 left on base; Bankstown 5 - Mosman 0
BOTTOM OF THE 1ST
Mosman Cubs batting - Pitching for Bankstown Aviators : LHP Davey Towes
Pitching: LHP Davey Towes
Batting: RHB Zachery Gilleland 0-0: Called Strike
0-1: Ball
1-1: Ball
2-1: Foul Ball, location: 5DF
2-2: Foul Ball, location: 2F
2-2: Strikes out looking
Batting: RHB Jim Raymont 0-0: Swinging Strike
0-1: Ball
1-1: Ball
2-1: Foul Ball, location: 2F
2-2: Strikes out swinging
Batting: SHB Matt Badeley 0-0: SINGLE (Groundball, 34D, EV 98.8 MPH)
Batting: RHB Steve Walmsley 0-0: Called Strike
Matt Badeley steals 2nd base
0-1: Ball
1-1: Foul Ball, location: 2F
1-2: Strikes out swinging
Bottom of the 1st over - 0 runs, 1 hit, 0 errors, 1 left on base; Bankstown 5 - Mosman 0
TOP OF THE 2ND
Bankstown Aviators batting - Pitching for Mosman Cubs : RHP Carsten Thurling
Batting: SHB Michael Kemball 0-0: Swinging Strike
0-1: Ball
1-1: Ball
2-1: Called Strike
2-2: SINGLE (Line Drive, 3D, EV 94.4 MPH)
Batting: RHB Matt Richards 0-0: Ball
1-0: Called Strike
1-1: 2-RUN HOME RUN (Line Drive, 7D, EV 109.4 MPH), Distance : 405 ft
Batting: LHB Jaime Scholes 0-0: Ball
1-0: SOLO HOME RUN (Flyball, 78XD, EV 106.9 MPH), Distance : 412 ft
Batting: LHB Eric Hoddinott 0-0: SOLO HOME RUN (Flyball, 9D, EV 98.8 MPH), Distance : 375 ft
Pitching: LHP Glen Portsmouth
Batting: RHB Fredrick Moreton 0-0: Called Strike
0-1: Called Strike
0-2: Ball
1-2: Strikes out swinging
Batting: RHB Brad Baldock 0-0: Fly out, F8 (Flyball, 8LD, EV 85.6 MPH)
Batting: RHB Jason Kilmister 0-0: Ball
1-0: Foul Ball, location: 3FF
1-1: Ball
2-1: Ball
3-1: Ground out 5-3 (Groundball, 5, EV 83.1 MPH)
Top of the 2nd over - 4 runs, 4 hits, 0 errors, 0 left on base; Bankstown 9 - Mosman 0
BOTTOM OF THE 2ND
Mosman Cubs batting - Pitching for Bankstown Aviators : LHP Davey Towes
Batting: RHB Sam Beamish 0-0: Called Strike
0-1: Swinging Strike
0-2: Strikes out swinging
Batting: LHB Zayne Caples 0-0: Foul Ball, location: 2F
0-1: Fly out, F8 (Flyball, 8LM, EV 80.6 MPH)
Batting: RHB Alex Zglinicki 0-0: Ball
1-0: Foul Ball, location: 5SF
1-1: Ball
2-1: Ball
3-1: Foul Ball, location: 9LMF
3-2: Strikes out swinging
Bottom of the 2nd over - 0 runs, 0 hits, 0 errors, 0 left on base; Bankstown 9 - Mosman 0
TOP OF THE 3RD
Bankstown Aviators batting - Pitching for Mosman Cubs : LHP Glen Portsmouth
Batting: RHB Quincy Heckenberg 0-0: Fly out, F3 (Line Drive, 3, EV 70.0 MPH)
Batting: LHB Ehren Huddlestone 0-0: Fly out, F3 (Popup, 3L, EV 83.1 MPH)
Batting: SHB Michael Kemball 0-0: Called Strike
0-1: Ground out 5-3 (Groundball, 5, EV 80.0 MPH)
Top of the 3rd over - 0 runs, 0 hits, 0 errors, 0 left on base; Bankstown 9 - Mosman 0
BOTTOM OF THE 3RD
Mosman Cubs batting - Pitching for Bankstown Aviators : LHP Davey Towes
Batting: LHB River Holdsworth 0-0: Foul Ball, location: 5FF
0-1: Fly out, F9 (Flyball, 9, EV 79.4 MPH)
Batting: LHB Coop Ross 0-0: Ball
1-0: Foul Ball, location: 2F
1-1: Foul Ball, location: 25F
1-2: SINGLE (Groundball, 6MD, EV 94.4 MPH)
Batting: RHB Zachery Gilleland 0-0: Fielders Choice at 2nd, 6-4 (Groundball, 6, EV 86.9 MPH)
Batting: RHB Jim Raymont 0-0: Called Strike
Zachery Gilleland is caught stealing 2nd base 2-4
Bottom of the 3rd over - 0 runs, 1 hit, 0 errors, 0 left on base; Bankstown 9 - Mosman 0
TOP OF THE 4TH
Bankstown Aviators batting - Pitching for Mosman Cubs : LHP Glen Portsmouth
Batting: RHB Matt Richards 0-0: Fly out, F5 (Popup, 56S, EV 68.8 MPH)
Batting: LHB Jaime Scholes 0-0: Fly out, F9 (Flyball, 89M, EV 95.6 MPH)
Batting: LHB Eric Hoddinott 0-0: Foul Ball, location: 7LMF
0-1: Ball
1-1: Ball
2-1: Ball
3-1: Base on Balls
Batting: RHB Fredrick Moreton 0-0: Swinging Strike
0-1: Foul Ball, location: 25F
0-2: Ball
1-2: Foul Ball, location: 2F
1-2: Ball
2-2: Fielders Choice at 2nd, U4 (Groundball, 4M, EV 91.3 MPH)
Top of the 4th over - 0 runs, 0 hits, 0 errors, 1 left on base; Bankstown 9 - Mosman 0
BOTTOM OF THE 4TH
Mosman Cubs batting - Pitching for Bankstown Aviators : LHP Davey Towes
Batting: RHB Jim Raymont 0-0: Called Strike
0-1: SINGLE (Flyball, 34D, EV 98.1 MPH)
Batting: SHB Matt Badeley 0-0: Ball
1-0: Ball
2-0: Called Strike
2-1: Foul Ball, location: 9LMF
2-2: Strikes out swinging
Batting: RHB Steve Walmsley 0-0: Called Strike
0-1: Ball
1-1: Ball
2-1: Foul Ball, location: 7LDF
2-2: Grounds into double play, 4-6-3 (Groundball, 4, EV 79.4 MPH)
Bottom of the 4th over - 0 runs, 1 hit, 0 errors, 0 left on base; Bankstown 9 - Mosman 0
TOP OF THE 5TH
Bankstown Aviators batting - Pitching for Mosman Cubs : LHP Glen Portsmouth
Batting: RHB Brad Baldock 0-0: Ball
1-0: Called Strike
1-1: Called Strike
1-2: Ball
2-2: Foul Ball, location: 2F
2-2: Ball
3-2: Strikes out swinging
Batting: RHB Jason Kilmister 0-0: Called Strike
0-1: Called Strike
0-2: Strikes out swinging
Batting: RHB Quincy Heckenberg 0-0: Foul Ball, location: 2F
0-1: DOUBLE (Line Drive, 7LS, EV 100.0 MPH)
Batting: LHB Ehren Huddlestone 0-0: Ball
1-0: Ground out 6-3 (Groundball, 6, EV 85.6 MPH)
Top of the 5th over - 0 runs, 1 hit, 0 errors, 1 left on base; Bankstown 9 - Mosman 0
BOTTOM OF THE 5TH
Mosman Cubs batting - Pitching for Bankstown Aviators : LHP Davey Towes
Batting: RHB Sam Beamish 0-0: Foul Ball, location: 3SF
0-1: Foul Ball, location: 5SF
0-2: Foul Ball, location: 3SF
0-2: Foul Ball, location: 23F
0-2: Foul Ball, location: 7LSF
0-2: Ball
1-2: Ball
2-2: Fly out, F3 (Popup, 3SF, EV 83.8 MPH)
Batting: LHB Zayne Caples 0-0: Ball
1-0: Called Strike
1-1: Ball
2-1: Called Strike
2-2: Ball
3-2: Foul Ball, location: 25FF
3-2: Base on Balls
Batting: RHB Alex Zglinicki 0-0: Ball
Zayne Caples is caught stealing 2nd base 2-4
1-0: Called Strike
1-1: Called Strike
1-2: Ball
2-2: Ball
3-2: Strikes out swinging
Bottom of the 5th over - 0 runs, 0 hits, 0 errors, 0 left on base; Bankstown 9 - Mosman 0
TOP OF THE 6TH
Bankstown Aviators batting - Pitching for Mosman Cubs : LHP Glen Portsmouth
Batting: SHB Michael Kemball 0-0: Ball
1-0: Ball
2-0: Swinging Strike
2-1: Ball
3-1: Swinging Strike
3-2: Base on Balls
Pitching: RHP Jim Unknown
Batting: RHB Matt Richards 0-0: Called Strike
0-1: Fly out, F8 (Flyball, 8RD, EV 111.3 MPH)
Batting: LHB Jaime Scholes 0-0: Ball
1-0: Fielders Choice at 2nd, 6-4 (Groundball, 6M, EV 84.4 MPH)
Batting: LHB Eric Hoddinott 0-0: Ball
1-0: Foul Ball, location: 5F
1-1: DOUBLE (Line Drive, 8RXD, EV 106.3 MPH)
Jaime Scholes to third
Batting: RHB Fredrick Moreton 0-0: Ground out 5-3 (Groundball, 56, EV 89.4 MPH)
Top of the 6th over - 0 runs, 1 hit, 0 errors, 2 left on base; Bankstown 9 - Mosman 0
BOTTOM OF THE 6TH
Mosman Cubs batting - Pitching for Bankstown Aviators : LHP Davey Towes
Batting: LHB River Holdsworth 0-0: Ball
1-0: Foul Ball, location: 3F
1-1: Ball
2-1: Fly out, F7 (Flyball, 7S, EV 103.8 MPH)
Batting: LHB Coop Ross 0-0: Ball
1-0: Swinging Strike
1-1: Ground out U3 (Groundball, 3L, EV 81.3 MPH)
Batting: RHB Zachery Gilleland 0-0: Swinging Strike
0-1: Foul Ball, location: 9LMF
0-2: Ball
1-2: Fly out, F9 (Flyball, 9D, EV 90.0 MPH)
Bottom of the 6th over - 0 runs, 0 hits, 0 errors, 0 left on base; Bankstown 9 - Mosman 0
TOP OF THE 7TH
Bankstown Aviators batting - Pitching for Mosman Cubs : RHP Jim Unknown
Pinch Hitting: RHB Kadin Craze 0-0: Called Strike
0-1: Ball
1-1: Fly out, F8 (Flyball, 8RXD, EV 109.4 MPH)
Batting: RHB Jason Kilmister 0-0: Foul Ball, location: 5FF
0-1: Foul Ball, location: 2F
0-2: Ball
1-2: Fly out, F7 (Flyball, 7, EV 90.0 MPH)
Batting: RHB Quincy Heckenberg 0-0: Ball
1-0: Fly out, F7 (Line Drive, 78M, EV 100.6 MPH)
Top of the 7th over - 0 runs, 0 hits, 0 errors, 0 left on base; Bankstown 9 - Mosman 0
BOTTOM OF THE 7TH
Mosman Cubs batting - Pitching for Bankstown Aviators : LHP Davey Towes
Now at 2B: Colten Smith
Batting: RHB Jim Raymont 0-0: Ball
1-0: Called Strike
1-1: Ball
2-1: Ball
3-1: Called Strike
3-2: Base on Balls
Batting: SHB Matt Badeley 0-0: Called Strike
0-1: Swinging Strike
0-2: Strikes out looking
Batting: RHB Steve Walmsley 0-0: Called Strike
0-1: Ball
1-1: Foul Ball, location: 9LMF
1-2: Fly out, F7 (Flyball, 78D, EV 83.1 MPH)
Batting: RHB Sam Beamish 0-0: Ball
1-0: Ball
2-0: Foul Ball, location: 9LMF
2-1: Fielders Choice at 2nd, 6-4 (Groundball, 6, EV 98.8 MPH)
Bottom of the 7th over - 0 runs, 0 hits, 0 errors, 1 left on base; Bankstown 9 - Mosman 0
TOP OF THE 8TH
Bankstown Aviators batting - Pitching for Mosman Cubs : RHP Jim Unknown
Pinch Hitting: RHB Kylan Gresty 0-0: Swinging Strike
0-1: Ball
1-1: Ball
2-1: Swinging Strike
2-2: Strikes out swinging
Batting: SHB Michael Kemball 0-0: Swinging Strike
0-1: Fly out, F2 (Popup, 2LF, EV 94.4 MPH)
Batting: RHB Matt Richards 0-0: Ball
1-0: Ball
2-0: Fly out, F7 (Line Drive, 78M, EV 95.6 MPH)
Top of the 8th over - 0 runs, 0 hits, 0 errors, 0 left on base; Bankstown 9 - Mosman 0
BOTTOM OF THE 8TH
Mosman Cubs batting - Pitching for Bankstown Aviators : LHP Davey Towes
Now in LF: Kylan Gresty
Batting: LHB Zayne Caples 0-0: Ball
1-0: Called Strike
1-1: Foul Ball, location: 23FF
1-2: Foul Ball, location: 5SF
1-2: Ball
2-2: Foul Ball, location: 25F
2-2: Ball
3-2: Foul Ball, location: 9LSF
3-2: SINGLE (Line Drive, 8LS, EV 103.8 MPH)
Pitching: RHP Yan-hao Chan
Pinch Hitting: LHB Michael Fitzgerald 0-0: Ball
1-0: Ball
2-0: Called Strike
2-1: Ball
3-1: Foul Ball, location: 7LMF
3-2: Base on Balls
Zayne Caples to second
Pitching: LHP Graeme Williamson
Pinch Hitting: RHB Al Reid 0-0: Ball
1-0: Fly out, F6 (Line Drive, 6M, EV 71.9 MPH)
Batting: LHB Coop Ross 0-0: Ball
1-0: Ball
2-0: Ball
3-0: Base on Balls
Zayne Caples to third
Michael Fitzgerald to second
Batting: RHB Zachery Gilleland 0-0: Called Strike
0-1: Ball
1-1: Fly out, F3 (Popup, 23F, EV 78.1 MPH)
Batting: RHB Jim Raymont 0-0: Ball
1-0: SINGLE (Line Drive, 89S, EV 90.6 MPH)
Zayne Caples scores
Michael Fitzgerald to third
Coop Ross to second
Throwing error, E9
Michael Fitzgerald scores
Coop Ross to third
Jim Raymont to second
Batting: SHB Matt Badeley 0-0: Ball
1-0: Fly out, F8 (Line Drive, 8LD, EV 84.4 MPH)
Bottom of the 8th over - 2 runs, 2 hits, 1 error, 2 left on base; Bankstown 9 - Mosman 2
TOP OF THE 9TH
Bankstown Aviators batting - Pitching for Mosman Cubs : RHP Jim Unknown
Now at 1B: Sandor Vanner
Now at 3B: Steve Walmsley
Now in RF: Michael Fitzgerald
Batting: LHB Jaime Scholes 0-0: SINGLE (Line Drive, 3D, EV 108.8 MPH)
Batting: LHB Eric Hoddinott 0-0: Ball
1-0: Ball
Jaime Scholes steals 2nd base (no throw)
2-0: Ball
Passed Ball!
Jaime Scholes to third
3-0: Base on Balls
Batting: RHB Fredrick Moreton 0-0: Called Strike
0-1: Ball
1-1: Called Strike
1-2: Strikes out swinging
Batting: RHB Colten Smith 0-0: Ball
1-0: Called Strike
1-1: Ball
2-1: Ball
3-1: Called Strike
3-2: SINGLE (Line Drive, 8LS, EV 101.9 MPH)
Jaime Scholes scores
Eric Hoddinott to second
Batting: RHB Jason Kilmister 0-0: Called Strike
0-1: Swinging Strike
0-2: Foul Ball, location: 2F
0-2: Strikes out looking
Batting: RHB Quincy Heckenberg 0-0: Ball
1-0: Ball
2-0: Called Strike
2-1: Foul Ball, location: 2F
2-2: Foul Ball, location: 5F
2-2: Foul Ball, location: 9LMF
2-2: Ball
3-2: Base on Balls
Eric Hoddinott to third
Colten Smith to second
Batting: RHB Kylan Gresty 0-0: Called Strike
0-1: Fielders Choice at 2nd, 5-4 (Groundball, 56, EV 79.4 MPH)
Top of the 9th over - 1 run, 2 hits, 0 errors, 3 left on base; Bankstown 10 - Mosman 2
BOTTOM OF THE 9TH
Mosman Cubs batting - Pitching for Bankstown Aviators : LHP Graeme Williamson
Batting: RHB Steve Walmsley 0-0: Ball
1-0: Ball
2-0: SOLO HOME RUN (Flyball, 9D, EV 96.9 MPH), Distance : 349 ft
Batting: RHB Sam Beamish 0-0: Ground out 6-3 (Groundball, 6, EV 103.8 MPH)
Batting: RHB John Turvill 0-0: Ball
1-0: Foul Ball, location: 2F
1-1: Ball
2-1: Foul Ball, location: 7LMF
2-2: Fly out, F5 (Popup, 5SF, EV 82.5 MPH)
Batting: LHB Michael Fitzgerald 0-0: Swinging Strike
0-1: Fly out, F8 (Line Drive, 78M, EV 93.8 MPH)
Bottom of the 9th over - 1 run, 1 hit, 0 errors, 0 left on base; Bankstown 10 - Mosman 3
Wednesday, April 24th , 2024 - OOTP Baseball 24.9 Build 80